 Dungeon Crawl Stone Soup version 0.18-a0-796-g4b90cf5 (webtiles) character file.

322 Proton the Skirmisher (level 6, -8/67 HPs)
             Began as an Ogre Fighter on Dec 14, 2015.
             Was a Believer of Cheibriados.
             Mangled by an ogre
             ... wielding a +0 giant club
              (22 damage)
             ... on level 4 of the Dungeon.
             The game lasted 00:05:22 (2763 turns).

Proton the Skirmisher (Ogre Fighter)                Turns: 2763, Time: 00:05:22

Health: -8/67      AC:  5    Str: 29    XL:     6   Next: 47%
Magic:  7/7        EV:  9    Int: 12    God:    Cheibriados [**....]
Gold:   83         SH:  9    Dex: 14    Spells: 0 memorised, 5 levels left

rFire  . . .     SeeInvis .     a - +0 flail
rCold  . . .     Clarity  .     b - +0 robe
rNeg   . . .     SustAt   .     c - +0 shield
rPois  .         Gourm    .     (helmet restricted)
rElec  .         Spirit   .     (no cloak)
rCorr  +         Dismiss  .     (gloves unavailable)
rMut   .         Stasis   .     (boots unavailable)
MR     .....                    q - amulet of resist corrosion
Stlth  +.........               (no ring)
                                j - +2 ring of protection

@: very slow, not resistant to hostile enchantments, very unstealthy
A: unfitting armour, tough skin 1
a: Bend Time, Renounce Religion


You were on level 4 of the Dungeon.
You worshipped Cheibriados.
Cheibriados was pleased with you.
You were not hungry.

You visited 1 branch of the dungeon, and saw 4 of its levels.

You collected 83 gold pieces.

Inventory:

Hand Weapons
 a - a +0 flail (weapon)
Armour
 b - a +0 robe (worn)
 c - a +0 shield (worn)
Jewellery
 j - a +2 ring of protection (left hand)
 q - an amulet of resist corrosion (around neck)
 s - an uncursed ring of protection from magic {unknown}
Wands
 o - a wand of flame (22)
Scrolls
 g - 3 scrolls of teleportation {unknown}
 h - 4 scrolls of identify {unknown}
 i - a scroll of remove curse {unknown}
 l - a scroll of blinking {unknown}
 n - a scroll of immolation {unknown}
 r - a scroll of magic mapping {unknown}
Potions
 d - a potion of might
 e - a potion of flight {unknown}
 k - a potion of agility {unknown}
 m - a potion of mutation {unknown}
 p - a potion of heal wounds {unknown}
 t - a potion of magic {unknown}
Comestibles
 f - 4 bread rations
 u - a slice of pizza
 v - a beef jerky


   Skills:
 + Level 5.8 Fighting
 * Level 5.7 Maces & Flails
 + Level 3.9 Dodging
 - Level 2.6 Shields
 + Level 2.1 Invocations


You had 5 spell levels left.
You didn't know any spells.

Dungeon Overview and Level Annotations

Branches:
Dungeon (4/15)
 Temple: D:4-7

Altars:
Cheibriados
Fedhas
Gozag
Okawaru
Qazlal
Ru
Sif Muna
Xom

Annotations:
D:2 Sigmund


Innate Abilities, Weirdness & Mutations

You are too large for most types of armour.
You have tough skin (AC +1).


Message History

You completely miss the ogre.
The ogre is almost dead.
The ogre hits you with a giant club!!
You barely miss the ogre.
The ogre is almost dead.
You block the ogre's attack.
You hit the ogre.
The ogre is almost dead.
The ogre hits you with a giant club!
* * * LOW HITPOINT WARNING * * *
You hit the ogre.
The ogre is almost dead.
The ogre closely misses you.
Your shield prevents you from hitting the ogre.
The ogre is almost dead.
You block the ogre's attack.
You completely miss the ogre.
The ogre is almost dead.
The ogre hits you with a giant club!!
You die...

##
#..........##########
.#
#...........).......#
.#
#...........#######.#
.####...........#.....#
.....###....#'#....#
.....# #....#.###..#
.....###........#..#
...........<#.#.#O.###
...........##.#.@....#
...........##.#.##.#..#
........... #.###
...... ........... #..
###.### ..###...#.# ###
... ..# ...... O. ..#
#.# #. ..# ..# #####.#


You could see an ogre.

Vanquished Creatures
  A giant frog skeleton (D:4)
  An orc priest (D:3)
  A worker ant (D:4)
  2 orc wizards (D:4)
  An iguana (D:4)
  Robin (D:3)
  6 adders
  An ooze (D:1)
  A worm (D:3)
  3 giant geckos
  10 orcs
  2 bats
  10 hobgoblins
  3 jackals
  6 kobolds
  3 quokkas
  2 ball pythons (D:3)
  5 giant cockroaches
  2 giant newts
  14 goblins
  10 rats
85 creatures vanquished.

Notes
Turn   | Place    | Note
--------------------------------------------------------------
     0 | D:1      | Proton the Ogre Fighter began the quest for the Orb.
     0 | D:1      | Reached XP level 1. HP: 24/24 MP: 1/1
    50 | D:1      | Reached XP level 2. HP: 24/32 MP: 2/2
   294 | D:1      | Reached XP level 3. HP: 32/39 MP: 3/3
   514 | D:2      | Found an iron altar of Okawaru.
   529 | D:2      | Found a snail-covered altar of Cheibriados.
   529 | D:2      | Found a deep blue altar of Sif Muna.
   529 | D:2      | Found a sacrificial altar of Ru.
   529 | D:2      | Found a shimmering altar of Xom.
   530 | D:2      | Found an opulent altar of Gozag.
   532 | D:2      | Found a stormy altar of Qazlal.
   534 | D:2      | Found a blossoming altar of Fedhas.
   544 | D:2      | Became a worshipper of Cheibriados the Contemplative
   745 | D:2      | Noticed Sigmund
   838 | D:2      | You fall through a shaft for 2 floors!
  1040 | D:3      | Noticed Robin
  1063 | D:3      | Reached * piety under Cheibriados
  1069 | D:3      | Killed Robin
  1069 | D:3      | Reached XP level 4. HP: 41/49 MP: 4/4
  1260 | D:3      | Reached skill level 5 in Fighting
  1330 | D:3      | Reached XP level 5. HP: 23/57 MP: 5/5
  1539 | D:3      | Reached ** piety under Cheibriados
  1660 | D:3      | Reached skill level 1 in Invocations
  2408 | D:2      | Reached skill level 5 in Maces & Flails
  2512 | D:4      | Reached XP level 6. HP: 49/66 MP: 7/7
  2763 | D:4      | Mangled by an ogre

Vault maps used:
D:1:      dpeg_arrival_ternary
D:2:      minitemple, first_bread, uniq_sigmund
D:3:      uniq_robin
D:4:      minmay_thick_lines, st_stairs_3

Action                   |  1- 3 |  4- 6 || total
-------------------------+-------+-------++-------
Melee: Flail             |   117 |   181 ||   298
 Stab: Sleeping          |     1 |     1 ||     2
  Eat: Beef jerky        |       |     1 ||     1
       Meat ration       |       |     1 ||     1
